 Dungeon Sprint DCSS version 0.30-a0-824-g6c64550be9 (webtiles) character file.

Game seed: 11539373347839995471

25 dialectric the Cudgeller (level 2, -1/30 HPs)
             Began as a Minotaur Chaos Knight on Feb 28, 2023.
             Was a Plaything of Xom.
             Slain by an ogre
             ... wielding a +0 giant club
              (21 damage)
             ... in the Dungeon (Sprint I: "Red Sonja").
             The game lasted 00:00:09 (104 turns).

dialectric the Cudgeller (Minotaur Chaos Knight)     Turns: 104, Time: 00:00:10

Health: -1/30      AC:  5    Str: 16    XL:     2   Next: 82%
Magic:  1/1        EV: 11    Int:  9    God:    Xom [..*...]
Gold:   0          SH:  0    Dex:  9    Spells: 1/1 levels left

rFire   . . .      SeeInvis .    a - +0 mace (chaos)
rCold   . . .      Faith    .    (no shield)
rNeg    . . .      Spirit   .    b - +2 leather armour
rPois   .          Reflect  .    (helmet restricted)
rElec   .          Harm     .    (no cloak)
rCorr   .          Rampage  .    (no gloves)
Will    .....      NoTele   +    (no boots)
Stlth   +                        (no amulet)
HPRegen 0.25/turn                (no ring)
MPRegen 0.07/turn                (no ring)

@: no status effects
A: horns 2, retaliatory headbutt
a: Renounce Religion


You were in the Dungeon.
You worshipped Xom.
You were a toy of Xom.
You visited 1 branch

Inventory:

Hand Weapons
 a - a +0 mace of chaos (weapon)
Armour
 b - a +2 leather armour (worn)
Wands
 j - a wand of polymorph (8)
Scrolls
 i - a scroll of blinking
Potions
 d - a potion of curing
 e - a potion of heal wounds
 f - a potion of haste
 g - 2 potions of magic
 h - a potion of berserk rage
Miscellaneous
 c - a piece from Xom's chessboard (15/15) (quivered)


   Skills:
 + Level 5.7 Fighting
 + Level 5.8 Maces & Flails
 + Level 3.2 Armour
 + Level 1.5 Dodging


You had one spell level left.
You didn't know any spells.
Your spell library was empty.

Dungeon Overview and Level Annotations

Branches:
Dungeon (1/1)

Altars:


Innate Abilities, Weirdness & Mutations

You have a pair of horns on your head.
You reflexively headbutt those who attack you in melee.


Message History

Ijyb hits you with a +0 dagger.
You barely miss Ijyb.
Ijyb is almost dead.
Ijyb hits you with a +0 dagger.
* * * LOW HITPOINT WARNING * * *
Ijyb barely misses you.
You hit Ijyb but do no damage.
Ijyb is almost dead.
Ijyb hits you but does no damage.
You hit Ijyb but do no damage.
Space warps horribly around Ijyb!!
You kill Ijyb!
Your Fighting skill gained 2 levels and is now at level 5!
Your Maces & Flails skill gained 2 levels and is now at level 5!
Your Armour skill increases to level 3!
You have reached level 2!
Unknown command.
j - a wand of polymorph (8)
Things that are here:
a +0 dagger; a +0 leather armour; the goblin corpse of Ijyb You start resting.
HP restored.
As you open the door, it creaks loudly!
An ogre comes into view. It is wielding a +0 giant club.
The ogre shouts!
Xom's power almost touches on you for a moment.
A monocle briefly appears over your left eye.
The ogre hits you with a +0 giant club!
There is an open door here.
You barely miss the ogre. The ogre closely misses you.
You hit the ogre. You freeze the ogre.
The ogre is lightly wounded.
You sock the ogre!
The ogre is poisoned.
The ogre is heavily wounded.
The ogre barely misses you.
You barely miss the ogre.
The ogre is heavily wounded.
The ogre hits you with a +0 giant club!!
Ouch! That really hurt!
You die...
Xom chortles!

##########
#<.#..@O.#
#..').#..+
#..#####+#
#..# #..#
#..# #⌠⌠#
####


You could see an ogre (very poisoned).

Vanquished Creatures
  Ijyb (D)
1 creature vanquished.

Notes
Turn   | Place    | Note
-------+----------+-------------------------------------------
     0 | D        | dialectric the Minotaur Chaos Knight began the quest for
                  | the Orb.
     0 | D        | Reached XP level 1. HP: 19/19 MP: 0/0
     2 | D        | Noticed Ijyb
     3 | D        | XOM: silly message
    14 | D        | Killed Ijyb
    15 | D        | Reached skill level 5 in Fighting
    15 | D        | Reached skill level 5 in Maces & Flails
    15 | D        | Reached XP level 2. HP: 9/30 MP: 1/1
    99 | D        | Noticed an ogre
   100 | D        | XOM: silly message
   104 | D        | Slain by an ogre

Illustrated notes

Levels and vault maps discovered:
D:        dungeon_sprint_1 [red_sonja_temple_1, red_sonja_temple_small_1]

Skill      XL: |  1 |
---------------+----+-----
Fighting       | 5 |  5.7
Maces & Flails | 5 |  5.8
Armour         | 3 |  3.2
Dodging        | |  1.5

Action                     || total
---------------------------++-------
  Melee: Mace              ||    16
         Headbutt          ||     2
 Armour: Leather armour    ||     2
  Dodge: Dodged            ||     6

Table legend: (Time is in decaauts)
 A = Elapsed time spent in this place.
 B = Non-inter-level travel time spent in this place.
 C = Inter-level travel time spent in this place.
 D = Time resting spent in this place.
 E = Time spent auto-exploring this place.
 F = Levels seen in this place.
 G = Mean time per level.
                   A        B        C        D        E       F      G
               +--------+--------+--------+--------+--------+-----+--------+
         Total |    106 |    106 |      0 |     81 |      0 |   1 |  106.0 |
       Dungeon |    106 |    106 |      0 |     81 |      0 |   1 |  106.0 |
               +--------+--------+--------+--------+--------+-----+--------+

Top non-repeatable levels by time:
       D: 106 daAuts
